 Dungeon Crawl Stone Soup version 0.25-a0-448-g1f46b9f714 (webtiles) character file.

Game seed: 3143314269835406491, levelgen mode: deterministic

2730 kae the Cleaver (level 9, 0/70 HPs)
             Began as a Minotaur Fighter on Jan 31, 2020.
             Was a Follower of Makhleb.
             Slain by a two-headed ogre
             ... wielding a +0 giant spiked club
              (16 damage)
             ... on level 8 of the Dungeon.
             The game lasted 00:03:58 (6048 turns).

kae the Cleaver (Minotaur Fighter)                  Turns: 6048, Time: 00:03:58

Health: 0/70       AC:  8    Str: 23    XL:     9   Next: 40%
Magic:  11/11      EV:  7    Int:  7    God:    Makhleb [*.....]
Gold:   280        SH:  9    Dex: 11    Spells: 8/8 levels left

rFire    + . .     SeeInvis .   a - +1 war axe
rCold    + . .     Gourm    .   c - +0 shield
rNeg     . . .     Faith    .   b - +0 scale mail
rPois    .         Spirit   .   (helmet restricted)
rElec    .         Reflect  .   K - scarf {rC+ rF+}
rCorr    .         Harm     .   E - +0 pair of gloves
MR       .....                  (no boots)
Stlth    ..........             (no amulet)
HPRegen  0.21/turn              F - ring of wizardry
MPRegen  0.12/turn              u - +2 ring of intelligence

@: no status effects
A: retaliatory headbutt, horns 2
a: Renounce Religion


You were on level 8 of the Dungeon.
You worshipped Makhleb.
Makhleb was aware of your devotion.
You were very hungry.

You visited 2 branches of the dungeon, and saw 9 of its levels.

You collected 494 gold pieces.
You spent 214 gold pieces at shops.

Inventory:

Hand Weapons
 a - a +1 war axe (weapon)
Armour
 b - a +0 scale mail (worn)
 c - a +0 shield (worn)
 E - a +0 pair of gloves (worn)
 K - a scarf of resistance (worn)
Jewellery
 k - an uncursed ring of protection from fire
 o - an uncursed ring of fire
 u - a +2 ring of intelligence (right hand)
 x - an uncursed ring of wizardry
 F - a ring of wizardry (left hand)
 I - an uncursed ring of flight
Wands
 m - a wand of random effects (10)
 v - a wand of disintegration (17)
 G - a wand of flame (22)
Scrolls
 l - a scroll of enchant weapon
 r - 4 scrolls of teleportation
 y - 4 scrolls of remove curse
 D - 2 scrolls of blinking
 J - a scroll of fear
Potions
 d - 2 potions of might
 g - 4 potions of mutation
 i - 4 potions of curing
 j - 2 potions of brilliance
 n - 3 potions of heal wounds
 p - 3 potions of agility
 q - 3 potions of lignification
 s - a potion of invisibility
 w - a potion of resistance
 z - 2 potions of berserk rage
 A - a potion of flight
 B - a potion of magic
 H - a potion of haste {unknown}
Comestibles
 f - 14 rations


   Skills:
 - Level 3.6 Fighting
 * Level 13.7 Axes
 - Level 3.6 Armour
 - Level 3.6 Shields
 + Level 5.0 Invocations


You had 8 spell levels left.
You didn't know any spells.
Your spell library contained the following spells:

 Spells                   Type           Power        Failure   Level  Hunger
 Bolt of Magma            Conj/Fire/Erth #.........   100%        5    ######.
 Iskenderun's Battlesphe  Conj/Chrm      #.......     100%        5    ######.
 Iron Shot                Conj/Erth      #.........   100%        6    #######
 Orb of Destruction       Conj           #.........   100%        7    #######
 Spellforged Servitor     Conj/Summ      #.........   100%        7    #######


Dungeon Overview and Level Annotations

Branches:
Dungeon (8/15)             Temple (1/1) D:6
   Lair: D:8-11

Altars:
Ashenzari
Cheibriados
Dithmenos
Elyvilon
Fedhas
Gozag
Hepliaklqana
Kikubaaqudgha
Makhleb
Nemelex Xobeh
Okawaru
Qazlal
Ru
Sif Muna
Trog
Uskayaw
Vehumet
Wu Jian
Xom
Yredelemnul
Zin
The Shining One

Shops:
D:7 }!(=!


Innate Abilities, Weirdness & Mutations

You reflexively headbutt those who attack you in melee.
You have a pair of horns on your head.


Message History

The two-headed ogre hits you with a +0 giant spiked club!!
The two-headed ogre hits you with a +0 dire flail!
You are too injured to fight recklessly!
You are too injured to fight recklessly!
You are too injured to fight recklessly!
You are too injured to fight recklessly!
You are too injured to fight recklessly!
You are too injured to fight recklessly!
You slash the two-headed ogre!
The two-headed ogre is lightly wounded.
You block the two-headed ogre's attack.
The two-headed ogre hits you but does no damage.
Your shield prevents you from hitting the two-headed ogre.
The two-headed ogre is lightly wounded.
You slash the two-headed ogre!
The two-headed ogre is moderately wounded.
The two-headed ogre hits you with a +0 giant spiked club!
* * * LOW HITPOINT WARNING * * *
The two-headed ogre hits you with a +0 dire flail!
You die...

#.########## #.#
#(# #.# #.####
#....# ####.#
################.#
.$....O@........>#
##################


You could see a two-headed ogre.

Vanquished Creatures
  Maggie (D:7)
  Sigmund (D:2)
  An orc warrior (D:5)
  2 black bears (D:7)
  A phantom (D:8)
  2 sky beasts
  A centaur (D:7)
  An ogre (D:5)
  2 bullfrogs
  2 big kobolds (D:7)
  A gnoll sergeant (D:7)
  A scorpion (D:4)
  8 wights (D:7)
  3 howler monkeys
  A bullfrog zombie (D:5)
  2 crimson imps
  2 jellies
  3 hounds
  2 orc wizards
  Terence (D:2)
  4 worker ants
  A hound zombie (D:7)
  A hound skeleton (D:4)
  2 howler monkey zombies
  7 gnolls
  8 adders
  A shadow imp (D:5)
  An ooze (D:1)
  5 worms
  2 dart slugs (D:1)
  2 leopard geckos
  14 orcs
  8 bats
  6 giant cockroaches
  13 goblins
  5 hobgoblins
  10 jackals
  3 quokkas
  2 ball pythons
  3 frilled lizards
  21 kobolds
  2 leopard gecko skeletons (D:5)
  3 quokka skeletons
  9 rats
171 creatures vanquished.

Notes
Turn   | Place    | Note
-------+----------+-------------------------------------------
     0 | D:1      | kae the Minotaur Fighter began the quest for the Orb.
     0 | D:1      | Reached XP level 1. HP: 19/19 MP: 0/0
   130 | D:1      | Reached skill level 3 in Axes
   147 | D:1      | Reached XP level 2. HP: 20/26 MP: 1/1
   258 | D:1      | Reached skill level 4 in Axes
   331 | D:1      | Reached XP level 3. HP: 25/31 MP: 2/2
   533 | D:2      | Reached skill level 5 in Axes
   620 | D:2      | Reached XP level 4. HP: 39/39 MP: 3/3
   884 | D:2      | Noticed Sigmund
   895 | D:2      | Killed Sigmund
   895 | D:2      | Reached skill level 7 in Axes
   895 | D:2      | Reached XP level 5. HP: 36/45 MP: 4/4
  1214 | D:2      | Noticed Terence
  1222 | D:2      | Killed Terence
  1222 | D:2      | Reached XP level 6. HP: 51/51 MP: 5/5
  1394 | D:3      | Reached skill level 8 in Axes
  1959 | D:4      | Found a shattered altar of Ashenzari.
  2524 | D:4      | Reached skill level 9 in Axes
  2882 | D:5      | Entered Level 5 of the Dungeon
  2897 | D:5      | Reached XP level 7. HP: 57/57 MP: 6/6
  3052 | D:5      | Found an ornate altar of the Wu Jian Council.
  3072 | D:5      | Reached skill level 10 in Axes
  3602 | D:5      | Reached skill level 11 in Axes
  3877 | D:6      | Found a snail-covered altar of Cheibriados.
  3882 | D:6      | Found a glowing golden altar of the Shining One.
  3882 | D:6      | Found a glowing silver altar of Zin.
  3948 | D:6      | Reached XP level 8. HP: 60/64 MP: 7/7
  4081 | D:6      | Found a staircase to the Ecumenical Temple.
  4087 | D:6      | Found a snail-covered altar of Cheibriados.
  4107 | Temple   | Entered the Ecumenical Temple
  4285 | Temple   | Became a worshipper of Makhleb the Destroyer
  4360 | D:6      | Found a basalt altar of Yredelemnul.
  4360 | D:6      | Found a sacrificial altar of Ru.
  4497 | D:6      | Found an iron altar of Okawaru.
  4691 | D:7      | Reached skill level 1 in Invocations
  4760 | D:7      | Reached skill level 12 in Axes
  4916 | D:7      | Found Qicis's Jewellery Shoppe.
  4933 | D:7      | Found Utunysut's Distillery.
  5214 | D:7      | Found a glowing golden altar of the Shining One.
  5427 | D:7      | Found Luxa's Weapon Shoppe.
  5435 | D:7      | Reached XP level 9. HP: 64/70 MP: 10/10
  5477 | D:7      | Bought a potion of curing for 36 gold pieces
  5477 | D:7      | Bought a potion of degeneration for 12 gold pieces
  5477 | D:7      | Bought a potion of lignification for 36 gold pieces
  5493 | D:7      | Reached skill level 13 in Axes
  5565 | D:7      | Noticed Maggie
  5579 | D:7      | Killed Maggie
  5627 | D:7      | Found Ismo's Distillery.
  5635 | D:7      | Bought a potion of heal wounds for 65 gold pieces
  5635 | D:7      | Bought a potion of berserk rage for 65 gold pieces
  5731 | D:7      | Reached * piety under Makhleb
  5751 | D:7      | Found Kouneygo's Gadget Shop.
  6016 | D:8      | Reached skill level 5 in Invocations
  6041 | D:8      | Noticed a two-headed ogre
  6048 | D:8      | Slain by a two-headed ogre

Levels and vault maps discovered:
D:1:      evilmike_arrival_rings, layout_rooms
D:2:      layout_loops_corners, uniq_sigmund, uniq_terence
D:3:      layout_rooms
D:4:      layout_loops_ring, first_ration, evilmike_ruin_ashenzari
D:5:      layout_basic, marbit_many_paths
D:6:      layout_basic, gammafunk_temple_overflow_elements,
          chequers_temple_overflow_statue_of_worship,
          minmay_temple_entry_slanted, basic_altar, okawaru_gym_becter
D:7:      layout_basic, serial_shops, shop, shop_statue, kennysheep_little_box,
          nicolae_shop_statue_plus, shop_coins, nicolae_tso_carved_into_rock,
          uniq_maggie
D:8:      layout_basic, grunt_livestock, uniq_harold, uniq_grum,
          uniq_prince_ribbit1, uniq_maurice
Temple:   eino_temple_scatter_basement

Skill      XL: |  1  2  3  4  5  6  7  8  9 |
---------------+----------------------------+-----
Axes           | 3 4 5 7 9 11 12 13 | 13.7
Invocations    | 3 5 |  5.0
Fighting       | |  3.6
Armour         | |  3.6
Shields        | |  3.6

Action                   |  1- 3 |  4- 6 |  7- 9 || total
-------------------------+-------+-------+-------++-------
Melee: War axe           |    88 |   173 |   209 ||   470
       Headbutt          |    10 |    32 |    40 ||    82
  Use: Scroll            |       |     6 |     9 ||    15
  Eat: Chunk             |       |     7 |     5 ||    12
       Ration            |       |       |     1 ||     1
Armor: Scale mail        |    60 |    48 |    57 ||   165
Dodge: Dodged            |    41 |    52 |    49 ||   142
Block: Shield            |    68 |    78 |    77 ||   223

Table legend:
 A = Non-vault XP
 B = Vault XP
 C = Vault XP percentage of total XP
 D = Non-vault monster count
 E = Vault monster count
 F = Vault count percentage of total count
                 A         B        C        D         E       F
            +---------+---------+-------+---------+---------+-------
      Total |    3244 |     657 |  16.8 |     168 |       3 |   1.8
            +---------+---------+-------+---------+---------+-------
        D:1 |      64 |       0 |   0.0 |      28 |       0 |   0.0
        D:2 |      74 |     259 |  77.8 |      27 |       2 |   6.9
        D:3 |      94 |       0 |   0.0 |      22 |       0 |   0.0
        D:4 |     227 |       0 |   0.0 |      22 |       0 |   0.0
        D:5 |     704 |       0 |   0.0 |      21 |       0 |   0.0
        D:6 |      57 |       0 |   0.0 |       4 |       0 |   0.0
        D:7 |    1745 |     398 |  18.6 |      40 |       1 |   2.4
        D:8 |     279 |       0 |   0.0 |       4 |       0 |   0.0
            +---------+---------+-------+---------+---------+-------
